 Dungeon Crawl Stone Soup version 0.28-a0-683-ga8797d1ae1 (webtiles) character file.

Game seed: 7833856717503245131

359 KoroneIsBestGirl the Shield-Bearer (level 6, -6/75 HPs)
             Began as a Formicid Fighter on Oct 18, 2021.
             Killed from afar by an orc wizard (8 damage)
             ... with a magic dart
             ... on level 4 of the Dungeon.
             The game lasted 00:03:54 (2296 turns).

KoroneIsBestGirl the Shield-Bearer (FoFi)           Turns: 2296, Time: 00:03:54

Health: -6/75      AC: 23    Str: 20 (21) XL:     6   Next: 97%
Magic:  6/6        EV:  2    Int:  8 (9)  God:
Gold:   115        SH:  5    Dex: 14 (17) Spells: 5/5 levels left

rFire   + + .      SeeInvis +   r - +9 rapier "Kami Gei" {elec, *Noise rF+ Dex+7 SInv}
rCold   + . .      Faith    .   c - +0 buckler
rNeg    . . .      Spirit   .   (armour currently unavailable)
rPois   +          Reflect  .   (helmet unavailable)
rElec   +          Harm     .   (cloak currently unavailable)
rCorr   +          Rampage  .   (gloves currently unavailable)
Will    .....                   (boots currently unavailable)
Stlth   +.........              (no amulet)
HPRegen 0.22/turn               (no ring)
MPRegen 0.10/turn               (no ring)

@: tree-form, resistant, attractive
A: stationary, stasis, torment immunity, boosted hp, permanent stasis, dig
shafts and tunnels, (antennae 3), four strong arms
a: no special abilities


You were on level 4 of the Dungeon.
You were a tree.
You visited 2 branches of the dungeon, and saw 7 of its levels.

You collected 115 gold pieces.

Inventory:

Hand Weapons
 a - a +0 long sword
 j - a +4 dagger of protection
 r - the +9 rapier "Kami Gei" (weapon) {elec, *Noise rF+ Dex+7 SInv}
   (You found it on level 4 of the Dungeon)

   It occasionally discharges a powerful burst of electricity upon striking a
   foe.
   Dex:       It affects your dexterity (+7).
   rF:        It protects you from fire.
   SInv:      It lets you see invisible.
   *Noise:    It may make noises in combat.
Armour
 b - a +0 scale mail (melded)
 c - a +0 buckler (worn)
Scrolls
 e - 3 scrolls of teleportation {unknown}
 g - 7 scrolls of identify {unknown}
 i - a scroll of fear {unknown}
 l - a scroll of enchant armour {unknown}
 o - a scroll of brand weapon {unknown}
 p - a scroll of acquirement {unknown}
 q - 2 scrolls of blinking {unknown}


   Skills:
 + Level 4.9 Fighting
 + Level 3.7 Long Blades
 + Level 4.8 Armour
 + Level 5.3 Shields


You had 5 spell levels left.
You didn't know any spells.
Your spell library contained the following spells:

 Spells                   Type           Power      Damage    Failure   Level
 Freeze                   Ice            0%         1d3       41%         1
 Ensorcelled Hibernation  Hex/Ice        0%         N/A       54%         2
 Frozen Ramparts          Ice            0%         1d2       78%         3
 Spider Form              Tmut/Pois      0%         N/A       78%         3
 Hailstorm                Conj/Ice       0%         3d3       99%         4


Dungeon Overview and Level Annotations

Branches:
Dungeon (6/15)             Temple (1/1) D:6

Altars:
Cheibriados
Elyvilon
Hepliaklqana
Nemelex Xobeh
Okawaru
Qazlal
Trog
Vehumet
Lugonu

Annotations:
D:4 Sigmund


Innate Abilities, Weirdness & Mutations

You are a tree.
Your roots penetrate the ground, keeping you stationary.
You cannot be teleported.
You are immune to unholy pain and torment.
Your maximum health is greatly increased.
Your equipment is partially melded.
You cannot be hasted, slowed, berserked, paralysed or teleported.
You can dig through walls and to a lower floor.
((You have a pair of large antennae on your head. (SInv)))
Your four strong arms can wield two-handed weapons with a shield.


Message History

Sigmund hits you from afar with a +5 scythe of holy wrath.
* * * LOW HITPOINT WARNING * * *
The iguana misses you. The orc wizard closely misses you.
It was a potion of lignification.
You turn into a tree.
Your +0 scale mail melds into your body.
Your roots penetrate the ground.
You feel sick. The orc hits you with a +0 hand axe.
* * * LOW HITPOINT WARNING * * *
The orc wizard hits you but does no damage.
The iguana bites you but does no damage.
Sigmund hits you from afar with a +5 scythe of holy wrath.
* * * LOW HITPOINT WARNING * * *
The orc wizard hits you but does no damage.
It was a potion of degeneration.
There was something very wrong with that liquid.
You feel weakened.
You feel dopey.
You feel clumsy.
* * * LOW HITPOINT WARNING * * *
You feel sick. The orc barely misses you.
The orc wizard hits you but does no damage.
The iguana bites you but does no damage.
The orc wizard hits you but does no damage.
It was a potion of curing.
You feel better. The orc hits you but does no damage.
The orc wizard barely misses you. Sigmund hits you but does no damage.
The iguana bites you!
* * * LOW HITPOINT WARNING * * *
You block the orc wizard's attack.
It was a potion of resistance.
You feel protected. The orc hits you but does no damage.
The orc wizard hits you but does no damage.
The iguana bites you but does no damage.
Sigmund says, "You will soon forget everything."
Sigmund hits you but does no damage.
The orc wizard hits you but does no damage.
Okay, then.
You hit the orc wizard but do no damage.
You block the orc's attack. The orc wizard casts a spell at you.
The magic dart hits you!
You die...

. ..# # .###### #.#
# ......# #.# #
#.....# #.# #
#)....# #.# #
#####.....# #.# #
#...).....# #.# #
###oo@..# #.########
#.o♣l.#.###.....†...
#.###.# #........[..
#.# .# #.##########
#.# # #.# #.# #.#
#.# #.#### {#.#
#....# #.# #.##.##
{#.# #######...#


You could see Sigmund (invisible), an iguana, 2 orc wizards and an orc.

Vanquished Creatures
  Eustachio (D:5)
  A water moccasin skeleton (D:4)
  A bullfrog skeleton (D:6)
  A centaur skeleton (D:6)
  An iguana (D:4)
  An orc wizard (D:4)
  A shadow imp (D:4)
  2 dart slugs (D:1)
  4 orcs
  4 ball pythons (D:1)
  6 endoplasms
  A giant cockroach (D:1)
  4 goblins (D:1)
  3 hobgoblins (D:1)
  2 jackals (D:4)
  2 quokkas
  4 bats
  4 frilled lizards (D:1)
  4 kobolds
  2 rats (D:1)
49 creatures vanquished.

Notes
Turn   | Place    | Note
-------+----------+-------------------------------------------
     0 | D:1      | KoroneIsBestGirl the Formicid Fighter began the quest for
                  | the Orb.
     0 | D:1      | Reached XP level 1. HP: 18/18 MP: 1/1
   216 | D:1      | Reached XP level 2. HP: 22/24 MP: 2/2
   298 | D:1      | Reached skill level 4 in Shields
   302 | D:1      | Reached XP level 3. HP: 19/29 MP: 3/3
   611 | D:1      | Found a faded altar of an unknown god.
  1492 | D:3      | You fall into a shaft and drop 3 floors!
  1504 | D:6      | Reached XP level 4. HP: 31/37 MP: 4/4
  1565 | D:6      | Reached XP level 5. HP: 37/42 MP: 5/5
  1565 | D:6      | Found a staircase to the Ecumenical Temple.
  1574 | Temple   | Entered the Ecumenical Temple
  1728 | D:5      | Entered Level 5 of the Dungeon
  1761 | D:5      | Noticed Eustachio
  1819 | D:5      | Killed Eustachio
  1820 | D:5      | Reached skill level 5 in Shields
  1820 | D:5      | Reached XP level 6. HP: 19/49 MP: 6/6
  2143 | D:4      | Identified the +9 rapier "Kami Gei" {elec, *Noise rF+ Dex+7
                  | SInv}
  2285 | D:4      | Noticed Sigmund
  2293 | D:4      | HP: 2/75 [poisoned by an orc wizard]
  2296 | D:4      | Killed from afar by an orc wizard

Illustrated notes

Levels and vault maps discovered:
D:1:      lightli_arrival_statuegarden, layout_basic,
          dreamdust_ecumenical_altar_grove
D:2:      layout_loops_cross
D:3:      layout_basic, general_overflow_altar, nicolae_dithmenos_shadow_blocks
D:4:      minmay_spotlight, layout_basic, jmf_multi_god_temple, nrook_uturn,
          uniq_sigmund
D:5:      layout_basic, nicolae_wu_jian_immortal_techniques, tso_altar,
          nicolae_kikubaaqudgha_miasma_corner, chequers_garden, uniq_eustachio
D:6:      layout_basic, minmay_temple_entry_mini_moons, serial_shops,
          kennysheep_mini_moat, water_maze_lemuel
Temple:   corrupted_temple

Skill      XL: |  1  2  3  4  5 |
---------------+----------------+-----
Shields        | 4 5 |  5.3
Fighting       | 4 |  4.9
Armour         | 4 |  4.8
Long Blades    | 3 |  3.7

Action                   |  1- 3 |  4- 6 || total
-------------------------+-------+-------++-------
Melee: Long sword        |    53 |       ||    53
       Dagger            |    41 |    71 ||   112
       Rapier            |       |    10 ||    10
 Abil: Dig               |     3 |       ||     3
  Use: Potion            |       |     7 ||     7
Armor: Scale mail        |    31 |    64 ||    95
       Skin              |       |    13 ||    13
Dodge: Dodged            |    37 |    65 ||   102
Block: Buckler           |    34 |    24 ||    58

Table legend: (Time is in decaauts)
 A = Elapsed time spent in this place.
 B = Non-inter-level travel time spent in this place.
 C = Inter-level travel time spent in this place.
 D = Time resting spent in this place.
 E = Time spent auto-exploring this place.
 F = Levels seen in this place.
 G = Mean time per level.
                   A        B        C        D        E       F      G
               +--------+--------+--------+--------+--------+-----+--------+
         Total |   2300 |   2220 |     80 |    183 |   1644 |   7 |  328.6 |
       Dungeon |   2247 |   2186 |     61 |    183 |   1614 |   6 |  374.5 |
        Temple |     53 |     34 |     19 |      0 |     30 |   1 |   53.0 |
               +--------+--------+--------+--------+--------+-----+--------+

Top non-repeatable levels by time:
     D:1: 836 daAuts
     D:2: 657 daAuts
     D:5: 317 daAuts
     D:4: 245 daAuts
     D:6: 180 daAuts
  Temple: 53 daAuts
     D:3: 9 daAuts
